| TOP OF THE 1ST |
|
Ogden Spikes batting - Pitching for Minot Jets : RHP Julio Molina
|
|
Pitching: RHP Julio Molina
|
|
|
Batting: RHB Ken Jackson
|
0-0: Ball 1-0: Ball 2-0: Called Strike 2-1: Foul Ball, location: 2F 2-2: Ball 3-2: Foul Ball, location: 2F 3-2: SINGLE (Groundball, 6MD, EV 98.8 MPH)
|
|
Batting: LHB Lenny Harris
|
0-0: Ball 1-0: Called Strike 1-1: SINGLE (Line Drive, 9S, EV 112.5 MPH) Ken Jackson to second
|
|
Batting: LHB Everett Graham
|
0-0: Ball 1-0: Foul Ball, location: 2F 1-1: Called Strike 1-2: Foul Ball, location: 2F 1-2: Strikes out swinging
|
|
Batting: LHB Roberto Casasnovas
|
0-0: SINGLE (Groundball, 34S, EV 65.6 MPH) (infield hit) Ken Jackson to third Lenny Harris to second
|
|
Batting: LHB Marvin Parker
|
0-0: Fly out, F9 (Flyball, 89XD, EV 106.9 MPH) Runner from 3rd tags up, SCORES, no throw by RF Lenny Harris to third
|
|
Batting: RHB Jeffrey Smith
|
0-0: Swinging Strike 0-1: Ground out 1-3 (Groundball, 34S, EV 70.0 MPH)
|
| Top of the 1st over - 1 run, 3 hits, 0 errors, 2 left on base; Ogden 1 - Minot 0 |
| BOTTOM OF THE 1ST |
|
Minot Jets batting - Pitching for Ogden Spikes : RHP Richard Saavedra
|
|
Pitching: RHP Richard Saavedra
|
|
|
Batting: RHB Tony Beal
|
0-0: Ball 1-0: Foul Ball, location: 2F 1-1: Called Strike 1-2: Foul Ball, location: 2F 1-2: SINGLE (Groundball, 25, EV 70.0 MPH) (infield hit)
|
|
Batting: SHB Ken Kinnard
|
0-0: Swinging Strike 0-1: Ball 1-1: Ball 2-1: Ball 3-1: Fly out, F9 (Flyball, 9LM, EV 76.9 MPH)
|
|
Batting: LHB Douglas Reibel
|
0-0: Ball 1-0: Foul Ball, location: 2F 1-1: Called Strike 1-2: Ball 2-2: Foul Ball, location: 2F 2-2: Ball 3-2: Fly out, F8 (Line Drive, 8RM, EV 91.3 MPH)
|
|
Batting: RHB Troy Afenir
|
0-0: Foul Ball, location: 2F 0-1: Ball 1-1: Foul Ball, location: 2F 1-2: Single, Error in OF, E9, batter to second base (Line Drive, 89M, EV 95.0 MPH) Tony Beal to third
|
|
Batting: SHB Howard Elwess
|
0-0: Ball 1-0: Ball 2-0: Foul Ball, location: 2F 2-1: Ball 3-1: Base on Balls
|
|
Batting: RHB David Griego
|
0-0: Swinging Strike 0-1: SINGLE (Groundball, 34D, EV 94.4 MPH) Tony Beal scores Troy Afenir to third Howard Elwess to second Runner from 3rd tries for Home, SAFE, throw by RF to home
|
|
Batting: RHB William Phillips
|
0-0: Ball 1-0: Fly out, F9 (Line Drive, 9, EV 87.5 MPH)
|
| Bottom of the 1st over - 2 runs, 3 hits, 1 error, 2 left on base; Ogden 1 - Minot 2 |
| TOP OF THE 2ND |
|
Ogden Spikes batting - Pitching for Minot Jets : RHP Julio Molina
|
|
Batting: RHB Mike Robinson
|
0-0: Called Strike 0-1: Foul Ball, location: 2F 0-2: Ground out 5-3 (Groundball, 5L, EV 83.8 MPH)
|
|
Batting: SHB Mark Lemke
|
0-0: Called Strike 0-1: Foul Ball, location: 2F 0-2: Ground out 1-3 (Groundball, 13S, EV 71.9 MPH)
|
|
Batting: RHB Michael Gobbo
|
0-0: Ball 1-0: Called Strike 1-1: Foul Ball, location: 2F 1-2: Ball 2-2: Ground out 5-3 (Groundball, 56, EV 92.5 MPH)
|
| Top of the 2nd over - 0 runs, 0 hits, 0 errors, 0 left on base; Ogden 1 - Minot 2 |
| BOTTOM OF THE 2ND |
|
Minot Jets batting - Pitching for Ogden Spikes : RHP Richard Saavedra
|
|
Batting: RHB Jesus Aybar
|
0-0: Ball 1-0: Called Strike 1-1: Ball 2-1: Fly out, F7 (Line Drive, 7D, EV 83.1 MPH)
|
|
Batting: RHB Hugo Olivas
|
0-0: Ball 1-0: Foul Ball, location: 2F 1-1: Ball 2-1: Ball 3-1: Base on Balls
|
|
Batting: RHB Tony Beal
|
0-0: Called Strike 0-1: Fly out, F9 (Flyball, 9S, EV 78.1 MPH)
|
|
Batting: SHB Ken Kinnard
|
0-0: Swinging Strike 0-1: Ball 1-1: Ball 2-1: SINGLE (Groundball, 34D, EV 101.3 MPH) Hugo Olivas to second Runner from 2nd tries for 3rd, SAFE, no throw by RF
|
|
Batting: LHB Douglas Reibel
|
0-0: SINGLE (Line Drive, 5D, EV 95.0 MPH) Hugo Olivas scores Ken Kinnard to second
|
|
Batting: RHB Troy Afenir
|
0-0: Called Strike 0-1: Foul Ball, location: 2F 0-2: Ball 1-2: Foul Ball, location: 2F 1-2: Fly out, F7 (Line Drive, 7, EV 95.0 MPH)
|
| Bottom of the 2nd over - 1 run, 2 hits, 0 errors, 2 left on base; Ogden 1 - Minot 3 |
| TOP OF THE 3RD |
|
Ogden Spikes batting - Pitching for Minot Jets : RHP Julio Molina
|
|
Batting: RHB Ken Jackson
|
0-0: SINGLE (Line Drive, 9S, EV 102.5 MPH)
|
|
Batting: LHB Lenny Harris
|
0-0: Swinging Strike Ken Jackson steals 2nd base 0-1: Ball Wild Pitch! Ken Jackson to third 1-1: SINGLE (Flyball, 8LS, EV 93.1 MPH) Ken Jackson scores
|
|
Batting: LHB Everett Graham
|
0-0: Ball 1-0: Called Strike 1-1: Ball 2-1: Foul Ball, location: 2F 2-2: Foul Ball, location: 2F 2-2: DOUBLE (Line Drive, 7LS, EV 113.1 MPH) Lenny Harris to third Lenny Harris scores
|
|
Batting: LHB Roberto Casasnovas
|
0-0: Called Strike 0-1: Ball 1-1: Ball 2-1: Foul Ball, location: 2F 2-2: Foul Ball, location: 2F 2-2: Ball 3-2: Fly out, F3 (Flyball, 34D, EV 83.1 MPH)
|
|
Batting: LHB Marvin Parker
|
0-0: Ball Everett Graham steals 3rd base (no throw) 1-0: Ball 2-0: Foul Ball, location: 2F 2-1: Ball 3-1: Called Strike 3-2: Fly out, F8 (Flyball, 8LS, EV 76.9 MPH)
|
|
Batting: RHB Jeffrey Smith
|
0-0: Ball 1-0: Swinging Strike 1-1: Ball 2-1: Called Strike 2-2: Fly out, F8 (Flyball, 8RS, EV 85.0 MPH)
|
| Top of the 3rd over - 2 runs, 3 hits, 0 errors, 1 left on base; Ogden 3 - Minot 3 |
| BOTTOM OF THE 3RD |
|
Minot Jets batting - Pitching for Ogden Spikes : RHP Richard Saavedra
|
|
Batting: SHB Howard Elwess
|
0-0: Ball 1-0: Ball 2-0: Ball 3-0: Base on Balls
|
|
Batting: RHB David Griego
|
0-0: Called Strike 0-1: Foul Ball, location: 2F 0-2: Ball 1-2: Ground out 4-3 (Groundball, 4S, EV 67.5 MPH) Howard Elwess to second
|
|
Batting: RHB William Phillips
|
0-0: Ball 1-0: Foul Ball, location: 2F 1-1: Fly out, F8 (Flyball, 8LD, EV 96.9 MPH) Runner from 2nd tags up, SAFE at 3rd with throw by CF
|
|
Batting: RHB Jesus Aybar
|
0-0: Swinging Strike 0-1: Ground out 3-1 (Groundball, 34, EV 91.9 MPH)
|
| Bottom of the 3rd over - 0 runs, 0 hits, 0 errors, 1 left on base; Ogden 3 - Minot 3 |
| TOP OF THE 4TH |
|
Ogden Spikes batting - Pitching for Minot Jets : RHP Julio Molina
|
|
Batting: RHB Mike Robinson
|
0-0: Called Strike 0-1: Ball 1-1: Ball 2-1: Ground out 4-3 (Groundball, 4, EV 98.1 MPH)
|
|
Batting: SHB Mark Lemke
|
0-0: Foul Ball, location: 2F 0-1: Called Strike 0-2: Ball 1-2: Ball 2-2: Ball 3-2: Base on Balls
|
|
Batting: RHB Michael Gobbo
|
0-0: Foul Ball, location: 2F 0-1: Foul Ball, location: 2F 0-2: Fly out, F5 (Popup, 5S, EV 83.1 MPH)
|
|
Batting: RHB Ken Jackson
|
0-0: Ball Mark Lemke is caught stealing 2nd base 2-4
|
| Top of the 4th over - 0 runs, 0 hits, 0 errors, 0 left on base; Ogden 3 - Minot 3 |
| BOTTOM OF THE 4TH |
|
Minot Jets batting - Pitching for Ogden Spikes : RHP Richard Saavedra
|
|
Batting: RHB Hugo Olivas
|
0-0: Ground out 6-3 (Groundball, 6, EV 88.8 MPH)
|
|
Batting: RHB Tony Beal
|
0-0: Ball 1-0: Fly out, F9 (Flyball, 89D, EV 108.8 MPH)
|
|
Batting: SHB Ken Kinnard
|
0-0: SINGLE (Groundball, 4D, EV 98.8 MPH)
|
|
Batting: LHB Douglas Reibel
|
0-0: Ball 1-0: Called Strike 1-1: Foul Ball, location: 2F 1-2: Ball 2-2: SINGLE (Line Drive, 7LM, EV 101.9 MPH) Ken Kinnard to second Ken Kinnard to third
|
|
Batting: RHB Troy Afenir
|
0-0: Ball 1-0: Swinging Strike 1-1: Swinging Strike 1-2: Ball 2-2: Ball 3-2: Base on Balls Douglas Reibel to second
|
|
Batting: SHB Howard Elwess
|
0-0: Foul Ball, location: 2F 0-1: Reached on error, E6 (Groundball, 6M, EV 100.6 MPH) Ken Kinnard scores Douglas Reibel to third Troy Afenir to second
|
|
Batting: RHB David Griego
|
0-0: Ball 1-0: Called Strike 1-1: Ball 2-1: Foul Ball, location: 2F 2-2: Fielders Choice at 2nd, 6-4 (Groundball, 6, EV 84.4 MPH)
|
| Bottom of the 4th over - 1 run, 2 hits, 1 error, 3 left on base; Ogden 3 - Minot 4 |
| TOP OF THE 5TH |
|
Ogden Spikes batting - Pitching for Minot Jets : RHP Julio Molina
|
|
Batting: RHB Ken Jackson
|
0-0: Ball 1-0: Ball 2-0: Called Strike 2-1: SINGLE (Groundball, 4MD, EV 101.3 MPH)
|
|
Batting: LHB Lenny Harris
|
0-0: Called Strike 0-1: Foul Ball, location: 2F 0-2: Ball 1-2: Fly out, F8 (Flyball, 8LXD, EV 88.8 MPH) Runner from 1st tags up, SAFE at 2nd
|
|
Batting: LHB Everett Graham
|
0-0: Ball 1-0: Swinging Strike 1-1: Foul Ball, location: 2F 1-2: Ground out 4-3 (Groundball, 4M, EV 105.6 MPH) Ken Jackson to third
|
|
Batting: LHB Roberto Casasnovas
|
0-0: Ball 1-0: Foul Ball, location: 2F 1-1: Foul Ball, location: 2F 1-2: Ball 2-2: Foul Ball, location: 2F 2-2: SINGLE (Line Drive, 6D, EV 103.8 MPH) Ken Jackson scores
|
|
Batting: LHB Marvin Parker
|
0-0: Ball 1-0: Ball 2-0: Foul Ball, location: 2F 2-1: Foul Ball, location: 2F 2-2: Ball Roberto Casasnovas steals 2nd base 3-2: DOUBLE (Line Drive, 7LM, EV 101.3 MPH) Roberto Casasnovas scores
|
|
Batting: RHB Jeffrey Smith
|
0-0: Ball 1-0: Foul Ball, location: 2F 1-1: Foul Ball, location: 2F 1-2: Ground out 4-3 (Groundball, 34, EV 94.4 MPH)
|
| Top of the 5th over - 2 runs, 3 hits, 0 errors, 1 left on base; Ogden 5 - Minot 4 |
| BOTTOM OF THE 5TH |
|
Minot Jets batting - Pitching for Ogden Spikes : RHP Richard Saavedra
|
|
Batting: RHB William Phillips
|
0-0: Ball 1-0: Ball 2-0: Ball 3-0: Base on Balls
|
|
Batting: RHB Jesus Aybar
|
0-0: Ball 1-0: Bunted foul 1-1: Bunt missed! 1-2: Foul Ball, location: 2F 1-2: Foul Ball, location: 2F 1-2: DOUBLE (Flyball, 8LD, EV 101.3 MPH) William Phillips to third
|
|
Batting: RHB Hugo Olivas
|
0-0: Foul Ball, location: 2F 0-1: Ground out 5-3 (Groundball, 56S, EV 92.5 MPH)
|
|
Batting: RHB Tony Beal
|
0-0: Foul Ball, location: 2F 0-1: Ball 1-1: SINGLE (Line Drive, 34D, EV 95.0 MPH) William Phillips scores Jesus Aybar to third Runner from 3rd tries for Home, SAFE, throw by RF to home
|
|
Now in RF: Paul Wright
|
|
|
Batting: SHB Ken Kinnard
|
0-0: Ball 1-0: Ball 2-0: Called Strike 2-1: Swinging Strike 2-2: Strikes out swinging
|
|
Batting: LHB Douglas Reibel
|
0-0: Called Strike 0-1: Foul Ball, location: 2F 0-2: Ball 1-2: Foul Ball, location: 2F 1-2: Ball 2-2: Ball Tony Beal is caught stealing 2nd base 2-6
|
| Bottom of the 5th over - 2 runs, 2 hits, 0 errors, 0 left on base; Ogden 5 - Minot 6 |
| TOP OF THE 6TH |
|
Ogden Spikes batting - Pitching for Minot Jets : RHP Julio Molina
|
|
Batting: RHB Paul Wright
|
0-0: Called Strike 0-1: Foul Ball, location: 2F 0-2: Foul Ball, location: 2F 0-2: SINGLE (Groundball, 4MS, EV 64.4 MPH) (infield hit)
|
|
Batting: SHB Mark Lemke
|
0-0: Ball Paul Wright is caught stealing 2nd base 2-6 1-0: Ball 2-0: Foul Ball, location: 2F 2-1: Foul Ball, location: 2F 2-2: Ground out 4-3 (Groundball, 34, EV 103.8 MPH)
|
|
Batting: RHB Michael Gobbo
|
0-0: Called Strike 0-1: Ground out 4-3 (Groundball, 4, EV 102.5 MPH)
|
| Top of the 6th over - 0 runs, 1 hit, 0 errors, 0 left on base; Ogden 5 - Minot 6 |
| BOTTOM OF THE 6TH |
|
Minot Jets batting - Pitching for Ogden Spikes : RHP Richard Saavedra
|
|
Pitching: RHP Douglas Barba
|
|
|
Batting: LHB Douglas Reibel
|
0-0: Ball 1-0: Foul Ball, location: 2F 1-1: Ball 2-1: Ball 3-1: Called Strike 3-2: Fly out, F5 (Popup, 56S, EV 78.8 MPH)
|
|
Batting: RHB Troy Afenir
|
0-0: Ball 1-0: Called Strike 1-1: Swinging Strike 1-2: Foul Ball, location: 2F 1-2: Foul Ball, location: 2F 1-2: Ball 2-2: Ball 3-2: Base on Balls
|
|
Batting: SHB Howard Elwess
|
0-0: Ball 1-0: Called Strike 1-1: Ball 2-1: Foul Ball, location: 2F 2-2: SINGLE (Groundball, 56D, EV 103.1 MPH) Troy Afenir to second
|
|
Batting: RHB David Griego
|
0-0: Called Strike 0-1: Ball 1-1: SINGLE (Line Drive, 34, EV 105.6 MPH) Troy Afenir to third Howard Elwess to second
|
|
Batting: RHB William Phillips
|
0-0: Foul Ball, location: 2F 0-1: Ball 1-1: Fly out, F8 (Flyball, 89D, EV 88.1 MPH) Runner from 3rd tags up, SCORES, throw by CF Howard Elwess to third
|
|
Batting: RHB Jesus Aybar
|
0-0: SINGLE (Line Drive, 56D, EV 100.6 MPH) Howard Elwess scores David Griego to second
|
|
Batting: RHB Hugo Olivas
|
0-0: Foul Ball, location: 2F 0-1: DOUBLE (Flyball, 8RXD, EV 108.8 MPH) David Griego scores Jesus Aybar to third Runner from 3rd tries for Home, SAFE, no throw by CF
|
|
Batting: RHB Tony Beal
|
0-0: Called Strike 0-1: Foul Ball, location: 2F 0-2: Ball 1-2: Foul Ball, location: 2F 1-2: Ball 2-2: Fly out, F9 (Flyball, 9, EV 84.4 MPH)
|
| Bottom of the 6th over - 4 runs, 4 hits, 0 errors, 1 left on base; Ogden 5 - Minot 10 |
| TOP OF THE 7TH |
|
Ogden Spikes batting - Pitching for Minot Jets : RHP Julio Molina
|
|
Pitching: RHP Guillermo Thomas
|
|
|
Batting: RHB Ken Jackson
|
0-0: Ball 1-0: Fly out, F9 (Flyball, 9LS, EV 94.4 MPH)
|
|
Batting: LHB Lenny Harris
|
0-0: Ball 1-0: Ball 2-0: Called Strike 2-1: Foul Ball, location: 2F 2-2: Strikes out swinging
|
|
Batting: LHB Everett Graham
|
0-0: Called Strike 0-1: Ball 1-1: Ball 2-1: Ball 3-1: Base on Balls
|
|
Batting: LHB Roberto Casasnovas
|
0-0: Called Strike 0-1: Ball 1-1: Called Strike Everett Graham steals 2nd base 1-2: Foul Ball, location: 2F 1-2: Strikes out swinging
|
| Top of the 7th over - 0 runs, 0 hits, 0 errors, 1 left on base; Ogden 5 - Minot 10 |
| BOTTOM OF THE 7TH |
|
Minot Jets batting - Pitching for Ogden Spikes : RHP Douglas Barba
|
|
Batting: SHB Ken Kinnard
|
0-0: Called Strike 0-1: Ball 1-1: Swinging Strike 1-2: Foul Ball, location: 2F 1-2: Ball 2-2: SINGLE (Groundball, 6MS, EV 66.3 MPH) (infield hit)
|
|
Batting: LHB Douglas Reibel
|
0-0: Grounds out, U3 (Groundball, 3L, EV 108.8 MPH)
|
|
Batting: RHB Troy Afenir
|
0-0: Ball 1-0: Called Strike Ken Kinnard steals 3rd base 1-1: Foul Ball, location: 2F 1-2: SINGLE (Groundball, 4MD, EV 100.6 MPH) Ken Kinnard scores
|
|
Batting: SHB Howard Elwess
|
0-0: Ball 1-0: Fielders Choice at 2nd, 4-6 (Groundball, 4, EV 88.1 MPH)
|
|
Batting: RHB David Griego
|
0-0: Swinging Strike 0-1: Swinging Strike 0-2: Ball 1-2: DOUBLE (Line Drive, 89XD, EV 108.8 MPH) Howard Elwess to third
|
|
Batting: RHB William Phillips
|
0-0: Fly out, F5 (Line Drive, 5, EV 68.1 MPH)
|
| Bottom of the 7th over - 1 run, 3 hits, 0 errors, 2 left on base; Ogden 5 - Minot 11 |
| TOP OF THE 8TH |
|
Ogden Spikes batting - Pitching for Minot Jets : RHP Guillermo Thomas
|
|
Batting: LHB Marvin Parker
|
0-0: Ground out 4-3 (Groundball, 4, EV 105.6 MPH)
|
|
Batting: RHB Jeffrey Smith
|
0-0: Called Strike 0-1: Swinging Strike 0-2: Ball 1-2: Ball 2-2: Strikes out swinging
|
|
Batting: RHB Paul Wright
|
0-0: Ball 1-0: Called Strike 1-1: Ball 2-1: Swinging Strike 2-2: Strikes out looking
|
| Top of the 8th over - 0 runs, 0 hits, 0 errors, 0 left on base; Ogden 5 - Minot 11 |
| BOTTOM OF THE 8TH |
|
Minot Jets batting - Pitching for Ogden Spikes : RHP Douglas Barba
|
|
Batting: RHB Jesus Aybar
|
0-0: Foul Ball, location: 2F 0-1: DOUBLE (Line Drive, 9LM, EV 113.1 MPH)
|
|
Batting: RHB Hugo Olivas
|
0-0: Ball 1-0: Ball Jesus Aybar is caught stealing 3rd base 2-5 2-0: Ball 3-0: Called Strike 3-1: DOUBLE (Line Drive, 9LM, EV 100.0 MPH)
|
|
Batting: RHB Tony Beal
|
0-0: Foul Ball, location: 2F 0-1: Ball 1-1: Ground out 6-3 (Groundball, 6, EV 80.0 MPH) Hugo Olivas to third
|
|
Pitching: LHP John Horner
|
|
|
Batting: SHB Ken Kinnard
|
0-0: Ball 1-0: Ball 2-0: Ball 3-0: Called Strike 3-1: Base on Balls
|
|
Batting: LHB Douglas Reibel
|
0-0: Ball 1-0: Called Strike 1-1: Foul Ball, location: 2F 1-2: Ball 2-2: Foul Ball, location: 2F 2-2: Ball 3-2: Foul Ball, location: 2F 3-2: Base on Balls Ken Kinnard to second
|
|
Batting: RHB Troy Afenir
|
0-0: Ball 1-0: Fly out, F9 (Flyball, 9, EV 82.5 MPH)
|
| Bottom of the 8th over - 0 runs, 2 hits, 0 errors, 3 left on base; Ogden 5 - Minot 11 |
| TOP OF THE 9TH |
|
Ogden Spikes batting - Pitching for Minot Jets : RHP Guillermo Thomas
|
|
Batting: SHB Mark Lemke
|
0-0: Ball 1-0: Foul Ball, location: 2F 1-1: Ball 2-1: Fly out, F9 (Flyball, 9, EV 95.0 MPH)
|
|
Batting: RHB Michael Gobbo
|
0-0: Swinging Strike 0-1: Ball 1-1: Ball 2-1: Ground out 5-3 (Groundball, 5D, EV 101.9 MPH)
|
|
Batting: RHB Ken Jackson
|
0-0: Fly out, F6 (Popup, 6M, EV 62.5 MPH)
|
| Top of the 9th over - 0 runs, 0 hits, 0 errors, 0 left on base; Ogden 5 - Minot 11 |
|